 Dungeon Crawl Stone Soup version 0.20.1-1-g8b1a95d (webtiles) character file.

71 Inarius the Grave Robber (level 4, -2/33 HPs)
             Began as a Demonspawn Necromancer on July 7, 2017.
             Killed by divine providence
             ... invoked by an orc priest
              (9 damage)
             ... on level 3 of the Dungeon.
             The game lasted 00:04:12 (1576 turns).

Inarius the Grave Robber (Demonspawn Necromancer)   Turns: 1576, Time: 00:04:13

Health: -2/33      AC:  3    Str:  8    XL:     4   Next: 5%
Magic:  0/7        EV: 12    Int: 18    God:
Gold:   90         SH:  0    Dex: 13    Spells: 6/8 levels left

rFire    . . .     SeeInvis .   n - +0 short sword
rCold    . . .     Gourm    .   (no shield)
rNeg     . . .     Faith    .   o - +0 leather armour
rPois    .         Spirit   +   (no helmet)
rElec    .         Reflect  .   (no cloak)
rCorr    .         Harm     .   (no gloves)
MR       .....                  (no boots)
Stlth    ++........             r - amulet of rage
Regen    0.2/turn               (no ring)
MPRegen  0.1/turn               (no ring)

@: no status effects
A: spiny 1, magic shield
a: Evoke Berserk Rage


You were on level 3 of the Dungeon.
You were not hungry.

You visited 1 branch of the dungeon, and saw 3 of its levels.

You collected 90 gold pieces.

Inventory:

Hand Weapons
 n - a +0 short sword (weapon)
Armour
 o - a +0 leather armour (worn)
Jewellery
 r - an amulet of rage (around neck)
Scrolls
 a - a scroll of enchant weapon {unknown}
 d - 2 scrolls of remove curse {unknown}
 e - 2 scrolls of magic mapping {unknown}
 j - a scroll of recharging {unknown}
 p - 2 scrolls of identify {unknown}
 u - a scroll of immolation {unknown}
Potions
 f - 3 potions of curing {unknown}
 h - a potion of degeneration {unknown}
 i - 2 potions of agility {unknown}
 k - a potion of might {unknown}
 m - a potion of flight {unknown}
 s - a potion of ambrosia {unknown}
 t - a potion of brilliance {unknown}
Books
 b - a book of Necromancy

   Spells                             Type                      Level
   a - Pain                           Necromancy                   1
   b - Animate Skeleton               Necromancy                   1
   c - Vampiric Draining              Necromancy                   3
   d - Regeneration                   Charms/Necromancy            3
   e - Animate Dead                   Necromancy                   4
   f - Control Undead                 Necromancy                   4
Comestibles
 c - 2 bread rations
 g - a royal jelly
 l - 2 meat rations


   Skills:
 * Level 1.7 Fighting
 + Level 1.0 Armour
 + Level 1.9 Dodging
 - Level 1.7 Stealth
 + Level 2.5 Spellcasting
 * Level 5.0 Necromancy


You had 6 spell levels left.
You knew the following spells:

 Your Spells              Type           Power        Failure   Level  Hunger
a - Pain                  Necr           ###.         3%          1    #......
b - Animate Skeleton      Necr           N/A          3%          1    #......


Dungeon Overview and Level Annotations

Branches:
Dungeon (3/15)

Altars:


Innate Abilities, Weirdness & Mutations

You are partially covered in sharp spines.
When hurt, damage is shared between your health and your magic reserves.


Message History

The orc priest shouts!
The orc priest writhes in agony!
The orc shouts!
The orc priest invokes the aid of Beogh against you.
Beogh smites you!
The orc priest calls upon Beogh to heal the orc priest.
The orc priest's wounds heal themselves!
Casting: Pain
Confirm with . or Enter, or press ? or * to list all spells.
Aiming: Pain
Press: ? - help, Shift-Dir - straight line, f/p - orc priest
Aim: an orc priest, wielding a hand axe (chance to defeat MR: 80%)
The orc writhes in agony!
You kill the orc!
The orc priest calls down the wrath of Beogh upon you.
Beogh smites you!
* * * LOW HITPOINT WARNING * * *
The orc priest invokes the aid of Beogh against you.
Beogh smites you!
You die...

#. ## #.
.# #.. .#
###.. .# #
....# .#
o..#...#.#
...[.....#
....o..@.#
......####
..... ...#
.. #


You could see 2 orc priests.

Vanquished Creatures
  4 adders (D:2)
  A dart slug (D:2)
  An orc (D:3)
  3 goblins
  A hobgoblin (D:2)
  5 kobolds
  A quokka (D:2)
  2 ball pythons
  5 bats (D:2)
  3 frilled lizards
  3 rats
29 creatures vanquished.

Vanquished Creatures (collateral kills)
  A dart slug (D:2)
  A leopard gecko (D:2)
  A ball python (D:1)
  3 goblins (D:2)
6 creatures vanquished.

Grand Total: 35 creatures vanquished

Notes
Turn   | Place    | Note
-------+----------+-------------------------------------------
     0 | D:1      | Inarius the Demonspawn Necromancer began the quest for the Orb.
     0 | D:1      | Reached XP level 1. HP: 13/13 MP: 3/3
   152 | D:1      | Learned a level 1 spell: Animate Skeleton
   463 | D:1      | Gained mutation: You are partially covered in sharp spines. [demonic ancestry]
   463 | D:1      | Reached XP level 2. HP: 19/20 MP: 1/5
   886 | D:2      | Reached skill level 1 in Fighting
   886 | D:2      | Reached XP level 3. HP: 21/26 MP: 1/6
  1229 | D:2      | Reached skill level 5 in Necromancy
  1288 | D:2      | Reached skill level 1 in Armour
  1494 | D:2      | Gained mutation: When hurt, damage is shared between your health and your magic reserves. [demonic ancestry]
  1494 | D:2      | Reached XP level 4. HP: 29/33 MP: 1/7
  1576 | D:3      | Killed from afar by an orc priest

Skill      XL: |  1  2  3 |
---------------+----------+-----
Fighting       | 1 |  1.7
Necromancy     | 5 |  5.0
Armour         | 1 |  1.0
Dodging        | |  1.9
Stealth        | |  1.7
Spellcasting   | |  2.5

Action                   |  1- 3 |  4- 6 || total
-------------------------+-------+-------++-------
Melee: Short sword       |    23 |       ||    23
 Cast: Pain              |    34 |     3 ||    37
       Animate Skeleton  |    15 |       ||    15
 Stab: Sleeping          |     1 |       ||     1
       Distracted        |     1 |       ||     1
  Eat: Chunk             |     2 |     1 ||     3
Armor: Leather armour    |     4 |       ||     4
Dodge: Dodged            |    22 |       ||    22
